 Dungeon Crawl Stone Soup version 0.30.0-16-gbe6223bb7e (webtiles) character file.

Game seed: 14898148351901843903

138768 browni3141 the Lord of Darkness (level 16, 0/111 HPs)
             Began as a Mummy Summoner on May 20, 2023.
             Was the Champion of Kikubaaqudgha.
             Slain by an entropy weaver (1 damage)
             ... on level 4 of the Spider Nest.
             The game lasted 01:28:15 (17415 turns).

browni3141 the Lord of Darkness (Mummy Summoner)   Turns: 17415, Time: 01:28:16

Health: 0/111      AC:  4    Str: 16    XL:     16   Next: 42%
Magic:  40/40      EV: 11    Int: 30    God:    Kikubaaqudgha [******]
Gold:   1311       SH:  0    Dex: 19    Spells: 10/55 levels left

rFire   . . .        T - staff of conjuration "Mimahicw" {rF+ Str+4 Dex+3 SInv}
rCold   + . .        a - +1 buckler {rPois}
rNeg    + + +        S - +4 Cigotuvi's embrace {Corpsefed rMiasma Drain rN+}
rPois   ∞            b - +0 helmet
rElec   .            L - +0 cloak
rCorr   .            N - +2 pair of gloves
SInv    +            d - -1 pair of boots of Iprea {Int+3 Dex+3}
Will    +++..        y - amulet of magic regeneration
Stlth   +            h - +6 ring of intelligence
HPRegen 0.38/turn    w - ring of willpower
MPRegen 0.67/turn

%: faith
@: confused, corroded
A: cold resistance 1, negative energy resistance 3, torment resistance 2, heat
vulnerability 1, in touch with death 2, no potions, faith
}: 1/15 runes: barnacled
a: Renounce Religion, Unearth Wretches, Torment


You were on level 4 of the Spider Nest.
You worshipped Kikubaaqudgha.
Kikubaaqudgha was exalted by your worship.
You visited 5 branches of the dungeon, and saw 25 of its levels.
You also visited: Ossuary, Gauntlet and Ice Cave.

You collected 1701 gold pieces.
You spent 390 gold pieces at shops.

Inventory:

Hand Weapons
 J - a +0 spear of freezing
Missiles
 t - 2 atropa-tipped darts
 A - 2 curare-tipped darts
 E - 30 poisoned darts
 Z - 3 throwing nets
Armour
 a - a +1 buckler of poison resistance (worn)
 b - a +0 helmet (worn)
 d - the -1 pair of boots of Iprea (worn) {Int+3 Dex+3}
   (You found it on level 5 of the Lair of Beasts)

   Int:       It affects your intelligence (+3).
   Dex:       It affects your dexterity (+3).
 i - a +0 troll leather armour
 L - a +0 cloak (worn)
 N - a +2 pair of gloves (worn)
 R - a +0 pair of gloves
 S - the +4 Cigotuvi's embrace (worn) {Corpsefed rMiasma Drain rN+}
   (You took it off a merfolk impaler on level 4 of the Shoals)

   Corpsefed: It gathers nearby corpses to temporarily increase the armour it
   provides.
   rMiasma:   It protects you from foul pestilence.
   rN:        It protects you from negative energy.
   Drain:     It drains your maximum health when unequipped.
Magical Staves
 D - a staff of fire
 T - the staff of conjuration "Mimahicw" (weapon) {rF+ Str+4 Dex+3 SInv}
   (You found it on level 4 of the Shoals)

   [staff of conjuration]

   Base accuracy: +5 Base damage: 5 Base attack delay: 1.2 This weapon's minimum
   attack delay (0.6) is reached at skill level 12.
   Str:       It affects your strength (+4).
   Dex:       It affects your dexterity (+3).
   rF:        It protects you from fire.
   SInv:      It lets you see invisible.
   It falls into the 'Staves' category.
   It is a one-handed weapon.
Jewellery
 e - a ring of ice
 h - a +6 ring of intelligence (left hand)
 o - a +4 ring of slaying
 s - a +4 ring of slaying
 u - a +5 ring of evasion
 w - a ring of willpower (right hand)
 y - an amulet of magic regeneration (around neck)
 G - a +5 ring of evasion
 P - a ring of magical power
 Q - the amulet of Vikhluqe {rPois Will+ Regen+ Int-2}
   (You found it on level 4 of the Dungeon)

   [amulet of regeneration]

   Int:       It affects your intelligence (-2).
   rPois:     It protects you from poison.
   Regen:     It increases your rate of health regeneration.
   Will:      It increases your willpower.
 X - a ring of fire
 Y - a ring of ice
Wands
 l - a wand of charming (28)
 p - a wand of polymorph (14)
 v - a wand of digging (6)
 I - a wand of iceblast (4)
 K - a wand of quicksilver (24)
 V - a wand of flame (55)
Scrolls
 c - 7 scrolls of enchant armour
 f - 6 scrolls of immolation
 j - a scroll of noise
 k - 3 scrolls of brand weapon
 m - 2 scrolls of amnesia
 n - 13 scrolls of teleportation
 q - a scroll of silence
 r - 10 scrolls of identify
 x - 2 scrolls of butterflies
 z - a scroll of torment
 B - 8 scrolls of enchant weapon
 C - 5 scrolls of vulnerability
 F - 4 scrolls of fog
 H - a scroll of magic mapping
 M - 4 scrolls of fear
 U - 3 scrolls of blinking
 W - a scroll of poison
Miscellaneous
 O - a condenser vane


   Skills:
 - Level 6.0 Fighting
 - Level 1.5 Dodging
 - Level 1.5 Stealth
 - Level 3.0 Shields
 - Level 20.0 Spellcasting
 - Level 8.0 Summonings
 * Level 21.8 Necromancy


You had 10 spell levels left.
You knew the following spells:

 Your Spells              Type           Power      Damage    Failure   Level
a - Call Canine Familiar  Summ           67%        N/A       1%          3
b - Anguish               Hex/Necr       60%        N/A       1%          4
c - Simulacrum            Ice/Necr       60%        N/A       3%          6
d - Animate Dead          Necr           100%       N/A       0%          4
e - Haunt                 Necr/Summ      66%        N/A       3%          7
f - Infestation           Necr           76%        N/A       1%          8
g - Summon Guardian Gole  Hex/Summ       52%        N/A       1%          3
u - Dispel Undead         Necr           100%       3d31      0%          4
v - Vampiric Draining     Necr           100%       2d13      0%          3
x - Call Imp              Summ           100%       N/A       1%          2
z - Summon Small Mammal   Summ           100%       N/A       1%          1

Your spell library contained the following spells:

 Spells                   Type           Power      Damage    Failure   Level
 Necrotise                Necr           100%       1d9       0%          1
 Agony                    Necr           100%       N/A       0%          5
 Apportation              Tloc           60%        N/A       1%          1
 Sandblast                Erth           60%        2d14      1%          1
 Sting                    Tmut/Pois      100%       1d8       1%          1
 Cigotuvi's Dreadful Rot  Necr/Pois/Air  100%       N/A       1%          2
 Passwall                 Tmut/Erth      25%        N/A       3%          2
 Poisonous Vapours        Pois/Air       60%        N/A       3%          2
 Scorch                   Fire           60%        2d7       3%          2
 Summon Lightning Spire   Summ/Air       52%        N/A       3%          4
 Dazzling Flash           Conj/Hex       90%        N/A       6%          3
 Ozocubu's Armour         Ice            30%        N/A       6%          3
 Stone Arrow              Conj/Erth      90%        3d12      6%          3
 Tukima's Dance           Hex            30%        N/A       6%          3
 Vhi's Electric Charge    Tloc/Air       60%        N/A       6%          3
 Summon Cactus Giant      Summ           33%        N/A       12%         6
 Cause Fear               Hex            15%        N/A       21%         4
 Flame Wave               Conj/Fire      45%        2d12      21%         4
 Olgreb's Toxic Radiance  Pois           30%        N/A       21%         4
 Passage of Golubria      Tloc           30%        N/A       21%         4
 Arcjolt                  Conj/Air       22%        1d32      50%         5
 Irradiate                Conj/Tmut      22%        3d19      50%         5
 Iskenderun's Battlesphe  Conj           45%        2d10      50%         5
 Metabolic Englaciation   Hex/Ice        15%        N/A       50%         5
 Silence                  Hex/Air        15%        N/A       50%         5
 Yara's Violent Unravell  Hex/Tmut       15%        3d8       50%         5
 Iron Shot                Conj/Erth      22%        9d5       97%         6
 Plasma Beam              Fire/Air       15%        2x1d29    97%         6
 Malign Gateway           Summ/Tloc      26%        N/A       97%         7
 Spellforged Servitor     Conj/Summ      34%        N/A       97%         7
 Dragon's Call            Summ           33%        N/A       100%        9
 Blade Hands              Tmut           Unusable   N/A       N/A         5
 Dragon Form              Tmut           Unusable   N/A       N/A         7

Dungeon Overview and Level Annotations

Branches:
Dungeon (11/15)            Temple (1/1) D:7            Lair (5/5) D:9
 Shoals (4/4) Lair:2       Spider (4/4) Lair:3        Slime (0/5) Lair:4
Ossuary (visited)           IceCv (visited)         Gauntlet (visited)
    Orc: D:9-12

Altars:
Ashenzari
Cheibriados
Dithmenos
Fedhas
Gozag
Hepliaklqana
Kikubaaqudgha
Makhleb
Okawaru
Qazlal
Ru
Sif Muna
Trog
Uskayaw
Wu Jian
Xom
Yredelemnul
Jiyva

Shops:
D:8 ?

Annotations:
D:6 2 transporters
Spider:1 3 runed translucent doors, Cumifues's ghost, journeyman MiMo; Rod Caur's ghost, adept HOFi


Innate Abilities, Weirdness & Mutations

You are immune to poison.
Your flesh is cold resistant. (rC+)
You are immune to negative energy. (rN+++)
You are immune to unholy pain and torment.
You are vulnerable to heat. (rF-)
You are strongly in touch with the powers of death.
You do not drink.
You have a special connection with the divine. (Faith)


Message History

Your death scarab draws strength from the orb spider's injuries!
The jumping spider pounces on you but does no damage.
The jumping spider closely misses you.
Your wolf bites the jumping spider.
A pharaoh ant comes into view.
The jumping spider barely misses you.
The jumping spider bites you but does no damage.
You hit the jumping spider but do no damage.
The jumping spider is heavily wounded.
Your phantasmal warrior disappears in a puff of smoke!
Your death scarab bites the jumping spider!!
The jumping spider dies!
Kikubaaqudgha accepts your kill.
A death scarab bursts from the jumping spider!
The orb spider begins to weave its threads into a brightly glowing ball.
Your wolf misses the orb spider.
Your freezing wraith disappears in a puff of smoke!
Your death scarab bites the orb spider!
Your death scarab draws strength from the orb spider's injuries!
Your death scarab bites the orb spider!!
The orb spider dies!
Kikubaaqudgha accepts your kill.
Your death scarab bites the pharaoh ant!
Your wolf bites the pharaoh ant!
Your wolf bites the pharaoh ant.
Your death scarab bites the pharaoh ant but does no damage.
You hit the pharaoh ant but do no damage.
The pharaoh ant is heavily damaged.
Your death scarab bites the pharaoh ant!
Your death scarab drains the pharaoh ant's vigour!
The pharaoh ant seems to slow down.
Your death scarab bites the pharaoh ant.
The pharaoh ant is destroyed!
Kikubaaqudgha accepts your kill.
Your magical contamination has completely faded away.
You now have 1311 gold pieces (gained 29).
You see here a bubbling white potion.
c - 7 scrolls of enchant armour (gained 1)
You swap places.
You swap places.
You swap places.
Found a stone staircase leading down.
B - 8 scrolls of enchant weapon (gained 1)
You swap places.
You swap places.
Your wolf is caught in a web!
Your wolf struggles to get unstuck from the web.
Your wolf struggles to get unstuck from the web.
Your wolf pulls away from the web.
Your wolf is caught in a web!
Your wolf pulls away from the web.
There is a stone staircase leading down here.
You start resting.
Magic restored.
You climb downwards.
Your summoned ally is left behind.
The redback bites you but does no damage.
The tarantella touches you.
You are confused.
There is a stone staircase leading up here.
The entropy weaver shouts!
You hear a faint skittering sound.
The tarantella barely misses you.
The redback bites you but does no damage.
In your confused state, you trip and fall back down the stairs.
The redback closely misses you.
The redback bites you but does no damage.
The tarantella barely misses you. The entropy weaver hits you.
The entropy weaver hits you but does no damage. x2
The entropy weaver closely misses you.
The redback bites you but does no damage.
The tarantella completely misses you.
A jumping spider comes into view.
The redback bites you. x2
The entropy weaver hits you but does no damage. x3
The entropy weaver closely misses you.
The redback bites you but does no damage.
The tarantella touches you but does no damage.
The redback bites you.
The redback bites you but does no damage.
The entropy weaver points at you and mumbles some strange words.
The entropic weave corrodes you!
In your confused state, you trip and fall back down the stairs.
The tarantella touches you!
You are more confused.
The redback bites you!
The jumping spider leaps!
The redback bites you. x2
The redback bites you! The tarantella misses you. The redback bites you.
The redback misses you.
The entropy weaver casts a spell at you.
The entropic weave corrodes you!
Unknown command.
The jumping spider closely misses you. x2; The redback bites you!
* * * LOW HITPOINT WARNING * * *
The redback bites you!
* * * LOW HITPOINT WARNING * * *
The redback bites you!
* * * LOW HITPOINT WARNING * * *
The tarantella touches you!
* * * LOW HITPOINT WARNING * * *
The entropy weaver hits you!
* * * LOW HITPOINT WARNING * * *
The entropy weaver hits you.
* * * LOW HITPOINT WARNING * * *
The entropy weaver hits you.
You die...
Kikubaaqudgha rasps: "You have failed me!
Welcome... oblivion!"

*,,** *^,,*** *,,*
*...,,* *,** #,..,**
******* #...,###
,**,,** #.,.,..#
,,**^,* *####...#..*
,^^**,* *.^....#..#*
*,,,*,***,**#...ss##
**,,*,**,,*
*#..@B.#*****
,****,**,**
#^sss...#,,*
,,,**,*,^*
#...#^.....*
,,,**,,^**
##.......^.*
,,,*,,,**
##..,.^...*****
,,,+,,^*
###......,**,***
,,,+,,^*
*#*##..,,,,,,*
,,,+,,,* *##,,,,,,**
,,,*,,^*
**,^,,,,,,,*


You could see an entropy weaver, a jumping spider, a tarantella and 3 redbacks.

Vanquished Creatures
  An entropy weaver (Spider:1)
  A centaur warrior (D:10)
  A merfolk aquamancer (Shoals:4)
  A satyr (Shoals:4)
  A glowing orange brain (Gauntlet)
  A lindwurm (Lair:5)
  A harpy (Shoals:3)
  A wolf spider (Spider:3)
  A cyclops (D:11)
  A manticore (Shoals:4)
  An elephant (Lair:4)
  A black mamba (Lair:2)
  A water nymph (Shoals:4)
  2 merfolk sirens
  7 cane toads
  A merfolk (Shoals:4)
  A hornet (Lair:5)
  2 snapping turtles
  A water elemental (Shoals:4)
  2 wyverns
  4 yaks (D:11)
  A wraith (D:10)
  3 vampire mosquitoes (D:11)
  4 redbacks
  A water moccasin (Lair:5)
  An ice beast (D:7)
  3 centaurs
  A kobold brigand (D:11)
  2 bullfrogs
  A gnoll sergeant (D:10)
  A scorpion (D:4)
  A cane toad simulacrum (IceCv)
  3 killer bees (D:10)
  A howler monkey (D:6)
  A hound (D:7)
  3 orc priests (D:10)
  2 orc wizards
  A polar bear simulacrum (IceCv)
  3 wolf simulacra (IceCv)
  2 gnolls (D:10)
  10 adders
  A white imp (D:6)
  2 ufetubi
  A worm (D:2)
  2 dart slugs
  14 orcs
  3 endoplasms
  7 hobgoblins
  5 ball pythons
  A frilled lizard (D:8)
  A gnoll zombie (D:10)
  10 goblins
  2 goblin zombies (Ossuary)
  A hobgoblin zombie (Ossuary)
  5 kobolds
  2 kobold zombies (Ossuary)
  2 rats (D:3)
137 creatures vanquished.

Vanquished Creatures (collateral kills)
  Nikola (Spider:3)
  Jorgrun (Spider:1)
  A storm dragon (Shoals:4)
  Aizul (Spider:3)
  A spark wasp (Spider:1)
  A minotaur (Gauntlet)
  A merfolk javelineer (Shoals:4)
  8 merfolk impalers
  A fire dragon (Lair:5)
  2 hydras
  2 catoblepae
  2 radroaches (Spider:3)
  A jorogumo (Spider:3)
  2 two-headed ogres
  5 merfolk aquamancers (Shoals:4)
  A satyr (Shoals:4)
  An alligator snapping turtle (Shoals:4)
  3 boulder beetles (Spider:1)
  6 death yaks (Lair:5)
  A pharaoh ant (Spider:3)
  4 sea snakes
  A sun moth (Spider:1)
  4 skysharks
  6 orb spiders
  A glowing orange brain (Gauntlet)
  2 lindwurms (Lair:5)
  An obsidian statue (D:10)
  5 harpies (Shoals:3)
  5 wolf spiders
  A deep elf pyromancer (D:10)
  2 steelbarb worms
  13 cyclopes
  3 fauns
  7 elephants
  5 manticores
  3 ugly things
  An ice statue (IceCv)
  5 water nymphs
  4 merfolk sirens
  2 demonic crawlers
  3 black mambas
  8 cane toads
  11 torpor snails
  2 minotaur zombies (Gauntlet)
  4 rime drakes
  5 komodo dragons
  2 polar bears
  A tyrant leech (Lair:5)
  17 merfolk
  7 tarantellas
  A troll (D:10)
  6 wind drakes
  5 hornets (Lair:5)
  5 snapping turtles
  14 dream sheep
  11 jumping spiders
  7 blink frogs
  3 slime creatures (Lair:4)
  7 culicivoras
  7 air elementals (Shoals:4)
  A spriggan (Lair:1)
  19 water elementals
  A wyvern (Lair:2)
  15 yaks
  3 basilisks
  31 redbacks
  7 water moccasins
  Duvessa (D:7)
  A hydra simulacrum (IceCv)
  6 ice beasts
  3 orc warriors
  A centaur (D:11)
  6 wolves (Lair:5)
  2 phantoms
  2 kobold brigands
  9 bullfrogs
  2 scorpions (D:5)
  Dowan (D:7)
  A killer bee (D:10)
  A howler monkey (D:4)
  2 nameless horrors
  A jelly (D:4)
  A hound (D:5)
  An orc priest (D:9)
  4 iguanas
  12 orc wizards
  3 mummies (Ossuary)
  A gnoll (D:10)
  3 adders
  A worm (D:3)
  A dart slug (D:4)
  24 orcs
  A ball python (D:2)
  An endoplasm (D:2)
  2 giant cockroaches (D:4)
  3 goblins
  A hobgoblin (D:3)
  12 kobolds
  A quokka (D:1)
  3 bats (D:2)
  2 frilled lizards
  A hobgoblin zombie (Ossuary)
  3 rats
440 creatures vanquished.

Vanquished Creatures (others)
  An emperor scorpion (Spider:3)
  A ghost moth (Spider:1)
  A broodmother (Spider:1)
  A merfolk impaler (Shoals:4)
  A radroach (Spider:1)
  A hydra (Lair:5)
  A centaur warrior (D:10)
  2 death yaks (Lair:5)
  A two-headed ogre (D:8)
  2 skysharks (Lair:3)
  A sixfirhy (Gauntlet)
  3 sea snakes (Shoals:4)
  A lindwurm (Lair:5)
  A steelbarb worm (Spider:3)
  2 harpies
  2 fauns
  An ugly thing (IceCv)
  3 manticores
  5 elephants
  2 black mambas
  A torpor snail (Lair:5)
  2 ice statues (IceCv)
  3 cane toads
  A komodo dragon (D:8)
  2 rime drakes
  A catoblepas zombie (Lair:5)
  A polar bear (Lair:4)
  A troll (D:9)
  A wind drake (Shoals:4)
  2 tyrant leeches (Lair:5)
  A dream sheep (Lair:5)
  6 blink frogs
  A culicivora zombie (Lair:3)
  A black mamba zombie (Lair:4)
  A culicivora (Lair:3)
  2 wyverns
  A wraith (Ossuary)
  A jumping spider (Lair:3)
  A slime creature zombie (Lair:4)
  17 yaks
  A redback (Lair:3)
  A death yak simulacrum (IceCv)
  2 skyshark zombies
  A harpy simulacrum (IceCv)
  4 cane toad zombies
  A water moccasin (D:9)
  An ice beast (D:9)
  3 orc warriors
  3 black bears
  2 blink frog zombies (Lair:5)
  3 elephant zombies
  4 dream sheep zombies (Lair:5)
  3 wolves (D:9)
  A centaur (D:10)
  3 rime drake zombies
  A torpor snail zombie (Lair:5)
  A kobold brigand (D:9)
  A bullfrog (Lair:2)
  2 wyvern zombies (Lair:3)
  A cane toad simulacrum (IceCv)
  A water moccasin zombie (Lair:1)
  2 polar bear zombies
  5 yak zombies
  A spriggan zombie (Lair:1)
  3 killer bees (D:9)
  6 wolf zombies (Lair:5)
  A basilisk zombie (Lair:5)
  A bullfrog zombie (Lair:2)
  A hound (D:6)
  2 orc priests
  An iguana (D:8)
  A hell rat (Lair:5)
  An orc wizard (D:5)
  2 killer bee zombies (D:9)
  5 kobold zombies (D:11)
  A gnoll zombie (D:10)
  An orc (D:9)
  A ball python (D:4)
  6 kobolds
  A frilled lizard (D:8)
  4 orc zombies (D:10)
166 creatures vanquished.

Grand Total: 743 creatures vanquished

Notes
Turn   | Place    | Note
-------+----------+-------------------------------------------
     0 | D:1      | browni3141 the Mummy Summoner began the quest for the Orb.
     0 | D:1      | Reached XP level 1. HP: 13/13 MP: 4/4
   189 | D:1      | Reached XP level 2. HP: 15/19 MP: 3/5
   200 | D:1      | Learned a level 2 spell: Call Imp
   677 | D:2      | Gained mutation: You are in touch with the powers of death.
                  | [Mummy growth]
   677 | D:2      | Reached XP level 3. HP: 19/24 MP: 5/7
   862 | D:2      | Learned a level 3 spell: Call Canine Familiar
  1331 | D:3      | Reached skill level 3 in Spellcasting
  1331 | D:3      | Reached XP level 4. HP: 20/30 MP: 5/8
  1377 | D:3      | You fall into a shaft and drop 1 floor!
  1483 | D:4      | Noticed a black bear
  1489 | D:4      | Reached XP level 5. HP: 23/35 MP: 4/10
  1518 | D:4      | Learned a level 3 spell: Summon Guardian Golem
  2475 | D:4      | Killed a black bear
  2476 | D:4      | Reached XP level 6. HP: 39/41 MP: 7/12
  2858 | D:4      | Reached skill level 6 in Summonings
  3299 | D:4      | Identified the amulet of Vikhluqe {rPois Will+ Regen+
                  | Int-2}
  3372 | D:4      | Reached XP level 7. HP: 46/46 MP: 11/14
  3534 | D:5      | Entered Level 5 of the Dungeon
  3591 | D:5      | Found a sand-covered staircase.
  3603 | Ossuary  | Entered an ossuary
  3603 | Ossuary  | Noticed a wraith
  3603 | Ossuary  | Noticed a wraith
  3603 | Ossuary  | Noticed a wraith
  3697 | Ossuary  | Noticed a wraith
  3723 | Ossuary  | Killed a wraith
  3724 | Ossuary  | Reached skill level 6 in Spellcasting
  4146 | D:5      | Found a burning altar of Makhleb.
  4147 | D:5      | Found a sacrificial altar of Ru.
  4390 | D:5      | Reached XP level 8. HP: 52/52 MP: 17/17
  4991 | D:6      | Found a transporter.
  4998 | D:6      | Noticed a white ugly thing
  5002 | D:6      | Noticed a hellwing
  5112 | D:6      | Found a transporter.
  5125 | D:6      | Noticed a small abomination
  5267 | D:7      | Noticed Duvessa
  5280 | D:7      | Killed Duvessa
  5283 | D:7      | Noticed Dowan
  5294 | D:7      | Killed Dowan
  5839 | D:7      | Found a staircase to the Ecumenical Temple.
  5846 | Temple   | Entered the Ecumenical Temple
  6068 | Temple   | Became a worshipper of Kikubaaqudgha
  6119 | D:7      | Found a hide-covered altar of Uskayaw.
  6120 | D:7      | Found an opulent altar of Gozag.
  6120 | D:7      | Found a shimmering altar of Xom.
  6154 | D:7      | Reached skill level 9 in Spellcasting
  6195 | D:7      | Reached skill level 3 in Fighting
  6195 | D:7      | Reached XP level 9. HP: 52/63 MP: 22/22
  6507 | D:7      | Identified the +2 robe of Card Tricks {Will- MP+9 Str+4}
  6534 | D:8      | Noticed a two-headed ogre
  6549 | D:8      | Killed a two-headed ogre
  6694 | D:8      | Found a snail-covered altar of Cheibriados.
  6703 | D:8      | Found Ugemept's Magic Scroll Shop.
  6720 | D:8      | Bought a scroll of fog for 60 gold pieces
  6720 | D:8      | Bought a scroll of immolation for 60 gold pieces
  6720 | D:8      | Bought a scroll of vulnerability for 60 gold pieces
  6720 | D:8      | Bought a scroll of fog for 60 gold pieces
  6720 | D:8      | Bought a scroll of teleportation for 45 gold pieces
  6720 | D:8      | Bought a scroll of vulnerability for 60 gold pieces
  6720 | D:8      | Bought a scroll of teleportation for 45 gold pieces
  6774 | D:8      | Noticed a two-headed ogre
  6791 | D:8      | Killed a two-headed ogre
  6840 | D:8      | Reached * piety under Kikubaaqudgha
  6840 | D:8      | Received a gift from Kikubaaqudgha
  6841 | D:8      | Reached skill level 12 in Spellcasting
  6847 | D:8      | Learned a level 4 spell: Animate Dead
  6851 | D:8      | Reached XP level 10. HP: 76/76 MP: 26/26
  6990 | D:8      | Reached skill level 6 in Fighting
  6990 | D:8      | Reached skill level 1 in Necromancy
  7021 | D:8      | Reached skill level 2 in Necromancy
  7457 | D:9      | Reached ** piety under Kikubaaqudgha
  7458 | D:9      | Reached skill level 3 in Necromancy
  7506 | D:9      | Reached skill level 4 in Necromancy
  7602 | D:9      | Found a staircase to the Lair.
  7726 | D:9      | Reached skill level 5 in Necromancy
  7736 | D:9      | Learned a level 3 spell: Vampiric Draining
  7826 | D:9      | Reached *** piety under Kikubaaqudgha
  7826 | D:9      | Received a gift from Kikubaaqudgha
  7833 | D:9      | Learned a level 4 spell: Dispel Undead
  7838 | D:9      | Learned a level 4 spell: Anguish
  7911 | D:9      | Found a broken altar of Ashenzari.
  7917 | D:9      | Saw a vision of the Shoals and the Spider Nest.
  7917 | D:9      | Noticed a merfolk avatar
  7917 | D:9      | Noticed a jorogumo
  7917 | D:9      | Noticed a pharaoh ant
  7917 | D:9      | Noticed a steelbarb worm
  7917 | D:9      | Noticed a manticore
  7917 | D:9      | Noticed a broodmother
  7917 | D:9      | Noticed a steelbarb worm
  7919 | D:9      | Noticed a pharaoh ant
  7923 | D:9      | Noticed a steelbarb worm
  8397 | Lair:1   | Entered Level 1 of the Lair of Beasts
  8431 | Lair:1   | Reached skill level 6 in Necromancy
  8431 | Lair:1   | Reached XP level 11. HP: 29/81 MP: 29/29
  8624 | Lair:1   | Reached skill level 7 in Necromancy
  8647 | Lair:1   | Reached skill level 15 in Spellcasting
  8663 | Lair:1   | HP: 2/81 [rime drake/icy flash freeze (13)]
  8683 | Lair:1   | Reached skill level 8 in Necromancy
  8717 | Lair:1   | Found a frozen archway.
  8769 | IceCv    | Entered an ice cave
  8821 | IceCv    | Noticed a white ugly thing
  8856 | IceCv    | Killed a white ugly thing
  9013 | IceCv    | Reached **** piety under Kikubaaqudgha
  9046 | IceCv    | Noticed a white ugly thing
  9054 | IceCv    | Killed a white ugly thing
  9055 | IceCv    | Reached skill level 9 in Necromancy
  9862 | Lair:2   | Found a staircase to the Shoals.
  9870 | Lair:2   | Reached XP level 12. HP: 51/88 MP: 13/32
  9994 | Lair:2   | Identified the +0 ring mail of the Sky {Dex+2}
 10129 | Lair:2   | Reached skill level 10 in Necromancy
 10183 | Lair:3   | Learned a level 6 spell: Simulacrum
 10461 | Lair:3   | Noticed a seven-headed hydra
 10628 | Lair:3   | Reached skill level 11 in Necromancy
 10756 | Lair:3   | Found a hole to the Spider Nest.
 10908 | Lair:3   | Killed a seven-headed hydra
 10941 | Lair:4   | Reached skill level 12 in Necromancy
 10976 | Lair:4   | Found a staircase to the Slime Pits.
 10976 | Lair:4   | Found a viscous altar of Jiyva.
 10989 | Lair:4   | Gained mutation: You are strongly in touch with the powers
                  | of death. [Mummy growth]
 10989 | Lair:4   | Reached XP level 13. HP: 88/93 MP: 1/34
 11264 | Lair:4   | Reached skill level 13 in Necromancy
 11307 | Lair:5   | Entered Level 5 of the Lair of Beasts
 11443 | Lair:5   | Reached skill level 18 in Spellcasting
 11490 | Lair:5   | Reached ***** piety under Kikubaaqudgha
 11520 | Lair:5   | HP: 4/93 [death yak (1)]
 11524 | Lair:5   | Reached skill level 14 in Necromancy
 11889 | Lair:5   | Found a runed translucent door.
 11889 | Lair:5   | Noticed a fire dragon
 11903 | Lair:5   | Killed a fire dragon
 11985 | Lair:5   | Identified the -1 pair of boots of Iprea {Int+3 Dex+3}
 12042 | Lair:5   | Reached skill level 15 in Necromancy
 12290 | Lair:5   | Reached XP level 14. HP: 65/100 MP: 6/37
 12300 | Lair:5   | Identified the +5 short sword of Kesi {venom, Fragile Fly
                  | rElec rC+}
 12542 | D:10     | Entered Level 10 of the Dungeon
 12768 | D:10     | Reached skill level 16 in Necromancy
 13658 | D:11     | Reached ****** piety under Kikubaaqudgha
 13825 | D:11     | Found a gate leading to a gauntlet.
 13838 | Gauntlet | Entered a Gauntlet
 13838 | Gauntlet | Found a transporter.
 13841 | Gauntlet | Received a gift from Kikubaaqudgha
 13850 | Gauntlet | Learned a level 7 spell: Haunt
 13859 | Gauntlet | Learned a level 8 spell: Infestation
 13867 | Gauntlet | Found a transporter.
 13903 | Gauntlet | Found a runed translucent door.
 13908 | Gauntlet | Found a transporter.
 13910 | Gauntlet | Found a large runed translucent door.
 13911 | Gauntlet | Found a large runed translucent door.
 13912 | Gauntlet | Found a large runed translucent door.
 13912 | Gauntlet | Found a large runed translucent door.
 13912 | Gauntlet | Found a runed translucent door.
 13913 | Gauntlet | Found a large runed translucent door.
 13914 | Gauntlet | Found a large runed translucent door.
 13915 | Gauntlet | Found a large runed translucent door.
 13915 | Gauntlet | Found a large runed translucent door.
 13916 | Gauntlet | Found a runed translucent gate.
 13929 | Gauntlet | Found a transporter.
 13929 | Gauntlet | Found a runed translucent gate.
 13930 | Gauntlet | Found a runed translucent gate.
 13932 | Gauntlet | Found a large runed translucent door.
 13932 | Gauntlet | Noticed a balrug
 13933 | Gauntlet | Found a large runed translucent door.
 13942 | Gauntlet | Found a transporter.
 13942 | Gauntlet | Found a runed translucent gate.
 13942 | Gauntlet | Found a runed translucent gate.
 13943 | Gauntlet | Found a large runed translucent door.
 13944 | Gauntlet | Found a runed translucent gate.
 13946 | Gauntlet | Found a large runed translucent door.
 13947 | Gauntlet | Found a large runed translucent door.
 13947 | Gauntlet | Found a large runed translucent door.
 13947 | Gauntlet | Found a runed translucent door.
 13948 | Gauntlet | Found a large runed translucent door.
 13949 | Gauntlet | Found a large runed translucent door.
 13950 | Gauntlet | Found a transporter.
 13954 | Gauntlet | Found a transporter.
 13955 | Gauntlet | Found a transporter.
 13973 | Gauntlet | Found a transporter.
 14002 | Gauntlet | Found a transporter.
 14002 | Gauntlet | Found a transporter.
 14007 | Gauntlet | Found a transporter.
 14068 | Gauntlet | Identified the +0 helmet "Yripteopop" {rN+++ Str-2 Int-5
                  | SInv}
 14302 | Gauntlet | Got the Codex of Telluric Superposition
 14386 | Shoals:1 | Entered Level 1 of the Shoals
 14657 | Shoals:2 | Identified the +0 pair of gloves of the Pink Corner {rElec
                  | rN+ Dex-3 SInv}
 14674 | Shoals:3 | Reached skill level 17 in Necromancy
 14831 | Shoals:3 | Reached skill level 3 in Shields
 14838 | Shoals:3 | Reached XP level 15. HP: 99/105 MP: 18/39
 14891 | Shoals:4 | Entered Level 4 of the Shoals
 14910 | Shoals:4 | Paralysed by an air elemental for 1 turns
 14922 | Shoals:4 | Paralysed by an air elemental for 1 turns
 14926 | Shoals:4 | Paralysed by an air elemental for 1 turns
 14928 | Shoals:4 | Reached skill level 18 in Necromancy
 14965 | Shoals:4 | Found a sacrificial altar of Ru.
 15492 | Shoals:4 | Found a shimmering altar of Xom.
 15602 | Shoals:4 | Paralysed by an air elemental for 1 turns
 15650 | Shoals:4 | Reached skill level 19 in Necromancy
 15692 | Shoals:4 | HP: 2/105 [merfolk impaler/+3 trident of flaming (6)]
 15810 | Shoals:4 | Found the +6 lightning scales {swift, rElec}
 15810 | Shoals:4 | Noticed a storm dragon
 15819 | Shoals:4 | Killed a storm dragon
 15840 | Shoals:4 | Got a barnacled rune of Zot
 15843 | Shoals:4 | Identified the staff of conjuration "Mimahicw" {rF+ Str+4
                  | Dex+3 SInv}
 15976 | Shoals:4 | Reached skill level 20 in Necromancy
 16303 | Spider:1 | Entered Level 1 of the Spider Nest
 16341 | Spider:1 | Found a runed translucent gate.
 16341 | Spider:1 | Found a runed translucent gate.
 16344 | Spider:1 | Found a runed translucent gate.
 16346 | Spider:1 | Noticed Rod Caur's ghost (adept HOFi)
 16346 | Spider:1 | Noticed Cumifues's ghost (journeyman MiMo)
 16512 | Spider:1 | Reached XP level 16. HP: 102/111 MP: 40/40
 16528 | Spider:1 | Noticed Jorgrun
 16534 | Spider:1 | Killed Jorgrun
 16594 | Spider:1 | Reached skill level 21 in Necromancy
 16687 | Spider:2 | You are sucked into a shaft and drop 1 floor!
 16767 | Spider:3 | Noticed Aizul
 16777 | Spider:3 | Killed Aizul
 17007 | Spider:3 | Noticed Nikola
 17024 | Spider:3 | Killed Nikola
 17306 | Spider:4 | Entered Level 4 of the Spider Nest
 17415 | Spider:4 | HP: 3/111 [entropy weaver (7)]
 17415 | Spider:4 | HP: 1/111 [entropy weaver (2)]
 17415 | Spider:4 | Slain by an entropy weaver

Illustrated notes

Levels and vault maps discovered:
D:1:      tarquinn_simple_flora_water_c, layout_basic, minmay_stone_trees_small,
          minmay_misc_feat_alley
D:2:      layout_rooms, dk_noncrumbling_4, hex_large
D:3:      layout_loops_cross, kennysheep_generic_room_9
D:4:      layout_basic, minmay_starry_boxes
D:5:      layout_loops_ring, gammafunk_temple_overflow_pools,
          nicolae_ossuary_entry_monument
D:6:      layout_basic, gammafunk_ghost_abyssal_escape
D:7:      layout_layer_cave, chequers_temple_overflow_statue_of_worship,
          minmay_temple_entry_wispy, minmay_misc_feat_doors, uniq_duvessa
D:8:      layout_basic, kennysheep_slug_shrine, serial_shops, shop,
          serial_park_tiny_2, minivault_22, minmay_lizard_king
D:9:      layout_basic, grunt_ashenzari_visionary
          [grunt_ashenzari_visionary_shoals, grunt_ashenzari_visionary_spider],
          hellmonk_lair_entry_icy, serial_aquarium, aquarium_bridge_square
          [aquarium_subvault_window, aquarium_subvault_wall,
          aquarium_subvault_wall, aquarium_subvault_bridge], aquarium_window_2,
          aquarium_window_2, aquarium_window_fake, aquarium_view_2d,
          aquarium_balcony_5a, roderic_serpentine_path,
          hangedman_abyss_or_decor_stagger
D:10:     minmay_bloctagon_deflated, layout_basic, minivault_16
D:11:     layout_small_grid, gauntlet_entry_generic, nicolae_trove_entry_columns
Temple:   minmay_temple_curvy_branch
Lair:1:   layout_regular_city, portal_ice_cave_rime,
          grunt_forest_large_clearing_hut
Lair:2:   layout_hall_layers, minmay_shoals_entry_beasts
Lair:3:   layout_long_grid, nicolae_spider_entry_tight_spaces,
          hibernation_bobbens
Lair:4:   layout_misc_corridors, minmay_slime_entry_pillars
Lair:5:   hangedman_lair_in_review, layout_small_grid, wormcave, minivault_23
Shoals:1: layout_shoals, nicolae_shoals_goliath_grotto
Shoals:2: layout_shoals, uniq_kirke, uniq_louise
Shoals:3: layout_shoals, st_shoals_ruin
Shoals:4: shoals_end_hellmonk_storm_palace [storm_palace_center_square,
          storm_palace_corner_blocked, storm_palace_corner_altar,
          storm_palace_corner_altar, storm_palace_corner_reverse_hut]
Spider:1: layout_spider_delve, gammafunk_ghost_cemetery,
          hangedman_spider_tarantella_strand, uniq_jorgrun
Spider:2: layout_spider_delve, drop_trap
Spider:3: layout_spider_delve, uniq_aizul, uniq_nikola
Spider:4: johnstein_spider_rune_arachne_lair

Skill      XL: |  1  2  3  4  5  6  7  8  9 10 11 12 13 14 15 16 |
---------------+-------------------------------------------------+-----
Summonings     | 4 5 6 7 8 |  8.0
Spellcasting   | 3 4 5 6 9 12 14 16 17 19 20 | 20.0
Fighting       | 3 5 6 |  6.0
Necromancy     | 6 9 12 15 17 20 21 | 21.8
Shields        | 3 |  3.0
Dodging        | |  1.5
Stealth        | |  1.5

Action                     |  1- 3 |  4- 6 |  7- 9 | 10-12 | 13-15 | 16-18 || total
---------------------------+-------+-------+-------+-------+-------+-------++-------
  Melee: Unarmed           |    24 |       |       |       |       |       ||    24
         Club              |    97 |    55 |       |       |       |       ||   152
         Punch             |     3 |     1 |     2 |     7 |     2 |       ||    15
         Rapier            |       |    84 |   234 |   205 |    32 |       ||   555
         Short sword       |       |       |       |       |    90 |    15 ||   105
         Staff             |       |       |       |       |       |     6 ||     6
   Cast: Summon Small Mamm |    14 |       |     2 |       |       |       ||    16
         Call Imp          |     8 |    20 |     8 |     2 |       |       ||    38
         Call Canine Famil |       |     6 |    21 |    37 |    23 |     1 ||    88
         Summon Guardian G |       |     1 |    14 |    31 |    14 |       ||    60
         Animate Dead      |       |       |       |     9 |     6 |       ||    15
         Dispel Undead     |       |       |       |     5 |     4 |       ||     9
         Vampiric Draining |       |       |       |    13 |    49 |     1 ||    63
         Anguish           |       |       |       |    20 |    20 |     1 ||    41
         Simulacrum        |       |       |       |     2 |    76 |     6 ||    84
         Infestation       |       |       |       |       |    33 |    11 ||    44
         Haunt             |       |       |       |       |    12 |     6 ||    18
 Invoke: Unearth Wretches  |       |       |       |     2 |     7 |     1 ||    10
         Torment           |       |       |       |       |     1 |       ||     1
         Receive Forbidden |       |       |       |       |     1 |       ||     1
  Evoke: Wand              |       |     2 |       |       |     5 |       ||     7
         Condenser vane    |       |       |       |       |     2 |       ||     2
    Use: Scroll            |       |       |     9 |     3 |     6 |     1 ||    19
   Stab: Sleeping          |     1 |     1 |       |       |       |       ||     2
         Distracted        |       |       |     2 |     1 |       |       ||     3
         Paralysed         |       |       |       |     1 |     2 |     1 ||     4
 Armour: Robe              |    41 |    15 |    90 |    63 |    55 |       ||   264
         Leather armour    |       |    21 |     1 |       |    10 |    25 ||    57
         Troll leather arm |       |       |       |       |     5 |       ||     5
  Dodge: Dodged            |   107 |   140 |   211 |   200 |   249 |    36 ||   943
  Block: Buckler           |       |       |       |       |    14 |     1 ||    15
